 Dungeon Crawl Stone Soup version 0.29.0-7-g18a832c13a (webtiles) character file.

Game seed: 860498873175278835

60 apoch the Trooper (level 4, -2/37 HPs)
             Began as a Merfolk Fighter on Aug 31, 2022.
             Killed from afar by an orc wizard (8 damage)
             ... with a puff of flame
             ... on level 3 of the Dungeon.
             The game lasted 00:03:14 (2394 turns).

apoch the Trooper (Merfolk Fighter)                 Turns: 2394, Time: 00:03:15

Health: -2/37      AC:  7    Str: 18    XL:     4   Next: 4%
Magic:  4/4        EV:  9    Int:  7    God:
Gold:   115        SH:  4    Dex: 13    Spells: 3/3 levels left

rFire   . . .      SeeInvis .   a - +0 trident
rCold   . . .      Faith    .   c - +0 buckler
rNeg    . . .      Spirit   .   b - +1 scale mail
rPois   .          Reflect  .   (no helmet)
rElec   .          Harm     .   (no cloak)
rCorr   .          Rampage  .   (no gloves)
Will    .....                   (no boots)
Stlth   ..........              (no amulet)
HPRegen 0.12/turn               (no ring)
MPRegen 0.09/turn               (no ring)

@: no status effects
A: (nimble swimmer 2), mertail
a: no special abilities


You were on level 3 of the Dungeon.
You visited 1 branch of the dungeon, and saw 3 of its levels.

You collected 115 gold pieces.

Inventory:

Hand Weapons
 a - a +0 trident (weapon)
 h - a +2 war axe of electrocution
Armour
 b - a +1 scale mail (worn)
 c - a +0 buckler (worn)
Scrolls
 e - a scroll of magic mapping {unknown}
 j - a scroll of fear
 l - a scroll of immolation
Potions
 d - 2 potions of might
 i - a potion of curing {unknown}
 m - a potion of heal wounds {unknown}


   Skills:
 + Level 3.7 Fighting
 + Level 3.4 Polearms
 * Level 2.8 Armour
 + Level 1.8 Dodging
 - Level 3.0 Shields


You had 3 spell levels left.
You didn't know any spells.
Your spell library was empty.

Dungeon Overview and Level Annotations

Branches:
Dungeon (3/15)

Altars:


Innate Abilities, Weirdness & Mutations

((You are very nimble when in or above water. (Stealth+, EV+, Speed+++)))
Your lower body shifts to a powerful aquatic tail in water.


Message History

You kill the orc!
The orc wizard gestures wildly while chanting.
The orc wizard flickers and vanishes!
Deactivating autopickup; reactivate with Ctrl-A.
Something you can't see is in the way.
You hit something. Something hits you. Something you can't see is in the way.
You hit something. Something hits you but does no damage.
Something you can't see is in the way.
You completely miss something. Something hits you but does no damage.
Something you can't see is in the way.
You barely miss something. The orc hits you with a +0 mace.
You hear some strange, mumbled words.
A magic dart appears from out of thin air!
The magic dart hits you.
You hit the orc but do no damage. Something hits you.
The orc barely misses you.
You completely miss the orc. Something hits you but does no damage.
The orc hits you with a +0 mace!
You are too injured to fight recklessly!
You are too injured to fight recklessly!
You are too injured to fight recklessly!
Something hits you but does no damage.
You are too injured to fight recklessly!
You are too injured to fight recklessly!
You are too injured to fight recklessly!
You hit something.
You hear some strange, mumbled words.
A magic dart appears from out of thin air!
The magic dart hits you.
You closely miss something. Something hits you.
You hit the orc but do no damage. Something hits you.
* * * LOW HITPOINT WARNING * * *
The orc hits you with a +0 mace.
* * * LOW HITPOINT WARNING * * *
You closely miss the orc.
You hear some strange, mumbled words.
A puff of flame appears from out of thin air!
The puff of flame hits you!
You die...

#. ...............#
#...#######...###.###
#.......# #...#
#..####.###...#
#.[...........###.#
#..####.####......#
#..####.......#####
#.......###.o.#
#.####### #8#@#
+8.{......>
+..######.. +8## #8#
###


You could see an orc.

Vanquished Creatures
  2 adders (D:2)
  2 worms (D:2)
  An orc (D:3)
  3 bats
  4 endoplasms
  2 giant cockroaches
  3 goblins
  2 hobgoblins
  3 jackals (D:1)
  3 kobolds
  4 ball pythons (D:2)
  2 frilled lizards
  2 rats
33 creatures vanquished.

Notes
Turn   | Place    | Note
-------+----------+-------------------------------------------
     0 | D:1      | apoch the Merfolk Fighter began the quest for the Orb.
     0 | D:1      | Reached XP level 1. HP: 18/18 MP: 1/1
   553 | D:1      | Reached XP level 2. HP: 19/24 MP: 2/2
   924 | D:1      | Found a faded altar of an unknown god.
  1001 | D:1      | Reached skill level 1 in Dodging
  1540 | D:2      | Reached XP level 3. HP: 27/29 MP: 3/3
  2307 | D:2      | Reached XP level 4. HP: 37/37 MP: 4/4
  2394 | D:3      | Killed from afar by an orc wizard

Illustrated notes

Levels and vault maps discovered:
D:1:      minmay_arrival_glassed_features, layout_basic,
          shapermc_ecumenical_altar_flowoftime
D:2:      layout_loops_ring
D:3:      layout_loops_ring, good_gods_mini_temple, old_standard_altar,
          chequers_mini_garden, roderic_roman_lattice

Skill      XL: |  1  2 |
---------------+-------+-----
Polearms       | 3 |  3.4
Dodging        | 1 |  1.8
Fighting       | |  3.7
Armour         | |  2.8
Shields        | |  3.0

Action                   |  1- 3 |  4- 6 || total
-------------------------+-------+-------++-------
Melee: Trident           |   101 |    13 ||   114
Throw: Stone             |    19 |       ||    19
  Use: Scroll            |       |     5 ||     5
Armor: Scale mail        |    30 |     4 ||    34
Dodge: Dodged            |    26 |     1 ||    27
Block: Buckler           |    12 |       ||    12
